 Dungeon Crawl Stone Soup version 0.31-a0-222-gefeffbb62a (webtiles) character file.

Game seed: 1507120556637228128

1224 Shard1697 the Chopper (level 8, -5/99 HPs)
             Began as an Armataur Fighter on July 5, 2023.
             Slain by an iguana (6 damage)
             ... on level 6 of the Dungeon.
             The game lasted 00:09:36 (4643 turns).

Shard1697 the Chopper (Armataur Fighter)            Turns: 4643, Time: 00:09:36

Health: -5/99      AC: 11    Str: 20    XL:     8   Next: 23%
Magic:  8/8        EV:  7    Int: 13    God:
Gold:   256        SH:  0    Dex: 17    Spells: 7/7 levels left

rFire   . . .        a - +8 battleaxe "Toxt" {elec, Int+6}
rCold   . . .        (shield currently unavailable)
rNeg    + . .        e - +1 pearl dragon scales
rPois   .            (helmet restricted)
rElec   .            (no cloak)
rCorr   .            s - +0 pair of gloves
SInv    .            (no barding)
Will    .....        (no amulet) Stlth
                     r - ring of flight
HPRegen 0.36/turn    (no ring)
MPRegen 0.11/turn

%: roll
@: berserking, flying, very quick
A: large, rugged brown scales 3, deformed body, armoured tail, roll, long
tongue, awkward tongue, horns 1, stinger 1, agile 1
a: no special abilities


You were on level 6 of the Dungeon.
You visited 1 branch of the dungeon, and saw 6 of its levels.

You collected 256 gold pieces.

Inventory:

Hand Weapons
 a - the +8 battleaxe "Toxt" (weapon) {elec, Int+6}
   (You found it on level 4 of the Dungeon)

   Int:       It affects your intelligence (+6).
 n - a +1 flail of protection
Missiles
 f - 4 javelins
 j - a throwing net
 m - 3 poisoned darts
 q - 11 boomerangs
Armour
 c - a +0 buckler
 e - +1 pearl dragon scales (worn)
 s - a +0 pair of gloves (worn)
 v - a +2 scale mail of fire resistance
Jewellery
 r - a ring of flight (left hand)
 t - an amulet of magic regeneration
Scrolls
 g - a scroll of identify
 k - 4 scrolls of teleportation
 l - 4 scrolls of immolation
 o - a scroll of revelation
Potions
 b - a potion of attraction {unknown}
 d - a potion of might
 i - a potion of brilliance
 p - a potion of enlightenment
 u - a potion of mutation


   Skills:
 - Level 2.7 Fighting
 + Level 6.8(7.5) Axes
 - Level 5.2(7.1) Maces & Flails
 - Level 3.6 Armour
 - Level 3.2 Shields


You had 7 spell levels left.
You didn't know any spells.
Your spell library contained the following spells:

 Spells                   Type           Power      Damage    Failure   Level
 Beastly Appendage        Tmut           0%         N/A       71%         1
 Ensorcelled Hibernation  Hex/Ice        0%         N/A       85%         2
 Passwall                 Tmut/Erth      0%         N/A       85%         2
 Wereblood                Tmut           0%         N/A       85%         2
 Ozocubu's Armour         Ice            0%         N/A       97%         3
 Spider Form              Tmut/Pois      0%         N/A       97%         3
 Swiftness                Air            0%         N/A       97%         3
 Ozocubu's Refrigeration  Ice            0%         4d7       100%        7


Dungeon Overview and Level Annotations

Branches:
Dungeon (6/15)
 Temple: D:4-7

Altars:
Yredelemnul

Annotations:
D:6 Maggie, Prince Ribbit


Innate Abilities, Weirdness & Mutations

You are completely covered in rugged brown scales. (AC +3, +7% HP)
Armour fits poorly on your strangely shaped body.
You have a long armoured tail.
You roll when moving toward enemies. (Rampage)
Your long tongue fully drains potion bottles. (2x potion effects)
Your tongue gives you trouble enunciating. (1.5x scroll delay)
You have a pair of small horns on your head.
Your tail ends in a venomous barb.
You are agile. (Dex +4, Str/Int -1)


Message History

You slurp down every last drop of the potion of berserk rage!
The two-headed ogre hits you with a +0 giant club!
The two-headed ogre hits you with a +0 dire flail!
The scorpion closely misses you.
Maggie zaps a wand.
You suddenly lose the ability to move!
The iguana bites you but does no damage.
The hound bites you but does no damage.
The scorpion stings you but does no damage.
The hound bites you.
The iguana bites you but does no damage.
Maggie hits you but does no damage.
The two-headed ogre hits you with a +0 giant club!!
* * * LOW HITPOINT WARNING * * *
The two-headed ogre hits you with a +0 dire flail.
* * * LOW HITPOINT WARNING * * *
A jelly comes into view.
The jelly quivers.
The hound bites you but does no damage. The scorpion barely misses you.
The iguana bites you but does no damage.
Maggie hits you but does no damage.
You can move again.
You slash the two-headed ogre!
Lightning courses through the two-headed ogre!
You headbutt the two-headed ogre! You tail-slap the two-headed ogre.
The two-headed ogre is severely wounded.
You closely miss the scorpion. You closely miss Maggie. You hit the hound.
You barely miss the iguana. The hound bites you but does no damage.
The scorpion closely misses you.
The two-headed ogre hits you but does no damage.
The two-headed ogre hits you with a +0 dire flail!
* * * LOW HITPOINT WARNING * * *
You slice the two-headed ogre!!
Lightning courses through the two-headed ogre!
You kill the two-headed ogre!
You slash the iguana! You slash the scorpion!
Lightning courses through the scorpion!
You kill the scorpion!
You slash Maggie! Lightning courses through Maggie!! You hit the hound.
The hound bites you but does no damage. The iguana bites you.
You die...

..#...#...#
#.#.........
...........
#..........
##..........
##........[.
...#.#.#.#.#.#.#
.......†@l......
...#.#.#@#.#.#.#
.......h)......
..#.#.#.#.#.#.#
.............
..#.#=#J#.#.#.#
........##.#.# .
........ . #
#.$.. . .h .#.
.. ..


You could see Maggie, an iguana, a hound and a jelly.

Vanquished Creatures
  A two-headed ogre (D:6)
  Edmund (D:5)
  Menkaure (D:5)
  Duvessa (D:5)
  An ice beast (D:5)
  2 ogres
  2 scorpions
  Dowan (D:5)
  A howler monkey (D:5)
  2 hounds
  An orc priest (D:5)
  A gnoll bouda (D:3)
  2 iguanas (D:5)
  An orc wizard (D:5)
  10 gnolls
  10 adders
  2 shadow imps (D:5)
  A worm (D:3)
  A dart slug (D:3)
  11 orcs
  2 endoplasms
  A giant cockroach (D:3)
  8 goblins
  7 hobgoblins
  7 jackals
  7 quokkas
  6 ball pythons
  5 bats
  3 frilled lizards
  6 kobolds
  4 rats
109 creatures vanquished.

Notes
Turn   | Place    | Note
-------+----------+-------------------------------------------
     0 | D:1      | Shard1697 the Armataur Fighter began the quest for the Orb.
     0 | D:1      | Reached XP level 1. HP: 19/19 MP: 1/1
   181 | D:1      | Reached XP level 2. HP: 26/26 MP: 2/2
   736 | D:2      | Found a faded altar of an unknown god.
   794 | D:2      | Reached XP level 3. HP: 22/32 MP: 3/3
   849 | D:2      | Found a basalt altar of Yredelemnul.
  1299 | D:2      | Reached XP level 4. HP: 39/39 MP: 4/4
  1776 | D:3      | Reached XP level 5. HP: 9/44 MP: 5/5
  2585 | D:4      | Reached skill level 5 in Maces & Flails
  2750 | D:4      | Noticed an ogre
  2896 | D:4      | Identified the +8 battleaxe "Toxt" {elec, Int+6}
  3371 | D:5      | Entered Level 5 of the Dungeon
  3374 | D:5      | Reached skill level 1 in Axes
  3422 | D:4      | Gained mutation: You have a pair of small horns on your
                  | head. [potion of mutation]
  3422 | D:4      | Gained mutation: Your tail ends in a venomous barb. [potion
                  | of mutation]
  3422 | D:4      | Gained mutation: You are agile. (Dex +4, Str/Int -1)
                  | [potion of mutation]
  3426 | D:4      | Killed an ogre
  3427 | D:4      | Reached skill level 2 in Axes
  3427 | D:4      | Reached XP level 6. HP: 53/53 MP: 6/6
  3512 | D:5      | Noticed Duvessa
  3512 | D:5      | Noticed Dowan
  3544 | D:5      | Killed Duvessa
  3545 | D:5      | Reached skill level 3 in Axes
  3676 | D:5      | Killed Dowan
  3785 | D:5      | Reached XP level 7. HP: 59/59 MP: 7/7
  3828 | D:5      | Reached skill level 4 in Axes
  3954 | D:5      | Noticed Menkaure
  3960 | D:5      | Killed Menkaure
  4029 | D:5      | Reached skill level 5 in Axes
  4397 | D:5      | Reached skill level 6 in Axes
  4397 | D:5      | Reached XP level 8. HP: 66/66 MP: 8/8
  4585 | D:6      | Noticed Edmund
  4588 | D:6      | Noticed Maggie
  4601 | D:6      | Noticed a two-headed ogre
  4606 | D:5      | Killed Edmund
  4638 | D:6      | Noticed Prince Ribbit
  4639 | D:6      | Paralysed by Maggie for 3 turns
  4642 | D:6      | HP: 1/99 [two-headed ogre/+0 giant club (11)]
  4643 | D:6      | Killed a two-headed ogre
  4643 | D:6      | Slain by an iguana

Illustrated notes

Levels and vault maps discovered:
D:1:      ebering_trefoil_twist, layout_basic
D:2:      layout_basic, shapermc_ecumenical_altar_mp_vishouse, basic_altar
D:3:      layout_loops_ring, serial_forest, infiniplex_forest_clump_curved,
          infiniplex_forest_clump_medium, infiniplex_forest_straight_4,
          infiniplex_forest_straight_2, infiniplex_forest_clump_tiny,
          infiniplex_forest_lined_room_3
D:4:      layout_loops_corners
D:5:      layout_basic, uniq_menkaure, uniq_duvessa
D:6:      layout_cave_pools, grunt_ministairs_10, st_stairs_12,
          nrook_pool_corridor, uniq_prince_ribbit1, uniq_edmund, uniq_eustachio,
          uniq_maggie

Skill      XL: |  1  2  3  4  5  6  7 |
---------------+----------------------+-----
Maces & Flails | 2 3 4 5 |  5.2
Axes           | 2 3 6 |  6.8
Fighting       | |  2.7
Armour         | |  3.6
Shields        | |  3.2

Action                     |  1- 3 |  4- 6 |  7- 9 || total
---------------------------+-------+-------+-------++-------
  Melee: Flail             |   120 |    83 |       ||   203
         Tailslap          |    11 |    13 |     3 ||    27
         Battleaxe         |       |    30 |    47 ||    77
         Headbutt          |       |     2 |     9 ||    11
    Use: Potion            |       |     4 |     1 ||     5
         Scroll            |       |    11 |     1 ||    12
 Armour: Scale mail        |    16 |       |       ||    16
         Chain mail        |    45 |    37 |       ||    82
         Pearl dragon scal |       |    42 |    48 ||    90
  Dodge: Dodged            |    39 |    30 |    17 ||    86
  Block: Buckler           |    25 |    13 |       ||    38

Table legend: (Time is in decaauts)
 A = Elapsed time spent in this place.
 B = Non-inter-level travel time spent in this place.
 C = Inter-level travel time spent in this place.
 D = Time resting spent in this place.
 E = Time spent auto-exploring this place.
 F = Levels seen in this place.
 G = Mean time per level.
                   A        B        C        D        E       F      G
               +--------+--------+--------+--------+--------+-----+--------+
         Total |   4739 |   4618 |    121 |    462 |   3114 |   6 |  789.8 |
       Dungeon |   4739 |   4618 |    121 |    462 |   3114 |   6 |  789.8 |
               +--------+--------+--------+--------+--------+-----+--------+

Top non-repeatable levels by time:
     D:4: 1139 daAuts
     D:5: 1131 daAuts
     D:2: 957 daAuts
     D:3: 851 daAuts
     D:1: 644 daAuts
     D:6: 14 daAuts
